 Dungeon Crawl Stone Soup version 0.28-a0-622-gbaef9634d7 (webtiles) character file.

Game seed: 13769813752124943294

262 rogsnak the Magician (level 6, 0/44 HPs)
             Began as a Gnoll Hedge Wizard on Oct 8, 2021.
             Slain by Pikel (20 damage)
             ... on level 4 of the Dungeon.
             The game lasted 00:10:14 (4244 turns).

rogsnak the Magician (Gnoll Hedge Wizard)           Turns: 4244, Time: 00:10:14

Health: 0/44       AC:  6    Str:  9    XL:     6   Next: 18%
Magic:  7/16       EV: 13    Int: 25    God:
Gold:   80         SH:  0    Dex: 11    Spells: 13/19 levels left

rFire   . . .      SeeInvis .   t - +2 dagger "Arbiter" {speed, +Blink Int+3}
rCold   + . .      Faith    .   (no shield)
rNeg    . . .      Spirit   .   b - +0 robe
rPois   .          Reflect  .   h - +2 helmet
rElec   .          Harm     .   (no cloak)
rCorr   .          Rampage  .   m - +0 pair of gloves
Will    .....                   (no boots)
Stlth   +++.......              (no amulet)
HPRegen 0.14/turn               k - ring of protection from cold
MPRegen 0.15/turn               q - +6 ring of intelligence

@: no status effects
A: fangs 1, strong nose, distributed training
a: Evoke Blink


You were on level 4 of the Dungeon.
You visited 1 branch of the dungeon, and saw 4 of its levels.

You collected 80 gold pieces.

Inventory:

Hand Weapons
 a - a +0 dagger
 f - a +0 short sword
 o - a +1 mace of protection
 t - the +2 dagger "Arbiter" (weapon) {speed, +Blink Int+3}
   (You found it on level 4 of the Dungeon)

   Attacks with this weapon are significantly faster.
   Int:       It affects your intelligence (+3).
   +Blink:    It lets you blink.
Missiles
 e - 118 stones (quivered)
 g - 13 bolts
 n - 24 arrows
Armour
 b - a +0 robe (worn)
 c - a +0 hat
 h - a +2 helmet (worn)
 m - a +0 pair of gloves (worn)
Jewellery
 k - a ring of protection from cold (left hand)
 q - a +6 ring of intelligence (right hand)
Scrolls
 d - 2 scrolls of fear {unknown}
 i - a scroll of holy word {unknown}
 l - 2 scrolls of noise {unknown}
 r - a scroll of magic mapping {unknown}
 s - a scroll of teleportation {unknown}
Potions
 j - a potion of heal wounds {unknown}
 p - a potion of curing


   Skills:
 + Level 1.8 Fighting
 + Level 1.8 Short Blades
 + Level 1.8 Long Blades
 + Level 1.8 Axes
 + Level 1.8 Maces & Flails
 + Level 1.8 Polearms
 + Level 1.8 Staves
 + Level 1.8 Slings
 + Level 1.8 Bows
 + Level 1.8 Crossbows
 + Level 1.8 Throwing
 + Level 1.8 Armour
 + Level 4.9 Dodging
 + Level 4.5 Stealth
 + Level 1.8 Shields
 + Level 1.8 Unarmed Combat
 + Level 7.4 Spellcasting
 + Level 2.6 Conjurations
 + Level 1.4 Hexes
 + Level 2.6 Summonings
 + Level 1.4 Necromancy
 + Level 2.6 Translocations
 + Level 1.4 Transmutations
 + Level 1.4 Fire Magic
 + Level 1.4 Ice Magic
 + Level 1.4 Air Magic
 + Level 1.4 Earth Magic
 + Level 1.4 Poison Magic
 + Level 2.0 Invocations
 + Level 1.8 Evocations


You had 13 spell levels left.
You knew the following spells:

 Your Spells              Type           Power      Damage    Failure   Level
a - Magic Dart            Conj           88%        1d7       2%          1
b - Blink                 Tloc           N/A        N/A       3%          2
c - Mephitic Cloud        Conj/Pois/Air  18%        N/A       9%          3

Your spell library contained the following spells:

 Spells                   Type           Power      Damage    Failure   Level
 Pain                     Necr           64%        1d7       3%          1
 Call Imp                 Summ           22%        N/A       3%          2
 Slow                     Hex            16%        N/A       5%          2
 Gell's Gravitas          Tloc           11%        N/A       7%          3
 Lesser Beckoning         Tloc           22%        N/A       7%          3
 Teleport Other           Tloc           22%        N/A       7%          3
 Conjure Flame            Conj/Fire      19%        6-21      9%          3
 Agony                    Necr           16%        N/A       69%         5
 Alistair's Intoxication  Tmut/Pois      10%        N/A       69%         5
 Borgnjor's Vile Clutch   Necr/Erth      8%         N/A       69%         5
 Excruciating Wounds      Necr           8%         N/A       69%         5
 Eringya's Noxious Bog    Tmut/Pois      8%         N/A       99%         6


Dungeon Overview and Level Annotations

Branches:
Dungeon (4/15)
 Temple: D:4-7

Altars:
Dithmenos
Vehumet

Annotations:
D:4 Pikel


Innate Abilities, Weirdness & Mutations

You have very sharp teeth.
Your uncanny sense of smell can sniff out nearby items.
Your experience applies equally to all skills.


Message History

Aiming: Mephitic Cloud (dangerous; 9% risk of failure)
Press: ? - help, Shift-Dir - straight line, f/p - Pikel
Aim: Pikel, wielding a +2 whip of electrocution and wearing a +0 robe (lightly wounded, confused, chance to affect: 72%)
The ball explodes into a vile cloud!
The stinking cloud engulfs Pikel but does no damage.
Pikel is lightly wounded.
You hear a shout!
Pikel is engulfed in noxious fumes.
Pikel appears confused.
Unknown command.
Pikel is engulfed in noxious fumes.
Pikel appears confused.
Unknown command.
Unknown command.
Casting: Mephitic Cloud (dangerous; 9% risk of failure)
Confirm with . or Enter, or press ? or * to list all spells.
You don't know that spell.
Throw: 120 stones
Press: ? - help, Q - select action, (/) - cycle Shift-Dir - straight line, f/p - Pikel
Aim: Pikel, wielding a +2 whip of electrocution and wearing a +0 robe (moderately wounded, confused, 71% to hit)
You throw a stone. The stone barely misses Pikel.
Unknown command.
Unknown command.
Throw: 119 stones
Press: ? - help, Q - select action, (/) - cycle Shift-Dir - straight line, f/p - Pikel
Aim: Pikel, wielding a +2 whip of electrocution and wearing a +0 robe (moderately wounded, confused, 71% to hit)
You throw a stone.
The stone hits Pikel but does no damage.
Pikel is moderately wounded.
Unknown command.
You hit Pikel but do no damage.
Pikel is moderately wounded.
Pikel hits you with a +2 whip of electrocution!
You are electrocuted!
Unknown command.
You barely miss Pikel.
Pikel is moderately wounded.
You hit Pikel.
Pikel is moderately wounded.
Pikel hits you with a +2 whip of electrocution.
You are electrocuted!!
You die...

######### #.......#
#.......# #########
###.......####.......#
#.................##.#
#.#.......####.##.#
#.#.......####(##.#
#...>......@K((##[#
#..##############.#
#..# ... #..# ... #..#
... #..###### #.>##
#.###...## ∆
#.##[....#
###........##


You could see Pikel (confused).

Vanquished Creatures
  An orc priest (D:3)
  Natasha (thrice) (D:2)
  An iguana (D:4)
  5 adders
  A white imp (D:3)
  3 worms
  10 orcs
  3 bats
  4 endoplasms
  2 giant cockroaches (D:2)
  3 goblins
  9 hobgoblins
  3 quokkas
  5 ball pythons
  8 frilled lizards
  5 kobolds
  5 rats
71 creatures vanquished.

Vanquished Creatures (others)
  9 plants
9 creatures vanquished.

Grand Total: 80 creatures vanquished

Notes
Turn   | Place    | Note
-------+----------+-------------------------------------------
     0 | D:1      | rogsnak the Gnoll Hedge Wizard began the quest for the Orb.
     0 | D:1      | Reached XP level 1. HP: 13/13 MP: 8/8
   190 | D:1      | Reached XP level 2. HP: 19/19 MP: 8/10
   602 | D:1      | Found a faded altar of an unknown god.
   711 | D:1      | Learned a level 2 spell: Blink
   834 | D:1      | Reached XP level 3. HP: 25/25 MP: 8/11
  1091 | D:2      | Noticed Natasha
  1094 | D:2      | Reached skill level 1 in Invocations
  1103 | D:2      | Killed Natasha
  1104 | D:2      | Reached skill level 1 in Fighting
  1104 | D:2      | Reached skill level 1 in Short Blades
  1104 | D:2      | Reached skill level 1 in Long Blades
  1104 | D:2      | Reached skill level 1 in Axes
  1104 | D:2      | Reached skill level 1 in Maces & Flails
  1104 | D:2      | Reached skill level 1 in Polearms
  1104 | D:2      | Reached skill level 1 in Staves
  1104 | D:2      | Reached skill level 1 in Slings
  1104 | D:2      | Reached skill level 1 in Bows
  1104 | D:2      | Reached skill level 1 in Crossbows
  1104 | D:2      | Reached skill level 1 in Throwing
  1104 | D:2      | Reached skill level 1 in Armour
  1104 | D:2      | Reached skill level 1 in Shields
  1104 | D:2      | Reached skill level 1 in Unarmed Combat
  1104 | D:2      | Reached skill level 1 in Evocations
  1104 | D:2      | Reached XP level 4. HP: 6/32 MP: 0/13
  1589 | D:2      | Learned a level 3 spell: Mephitic Cloud
  1703 | D:2      | Noticed Natasha
  1714 | D:2      | Killed Natasha
  1715 | D:2      | Reached skill level 1 in Hexes
  1715 | D:2      | Reached skill level 1 in Necromancy
  1715 | D:2      | Reached skill level 1 in Transmutations
  1715 | D:2      | Reached skill level 1 in Fire Magic
  1715 | D:2      | Reached skill level 1 in Ice Magic
  1715 | D:2      | Reached skill level 1 in Air Magic
  1715 | D:2      | Reached skill level 1 in Earth Magic
  1715 | D:2      | Reached skill level 1 in Poison Magic
  2113 | D:2      | Reached XP level 5. HP: 37/37 MP: 9/14
  2239 | D:2      | Noticed Natasha
  2252 | D:2      | Killed Natasha
  2678 | D:3      | Found a shadowy altar of Dithmenos.
  3592 | D:3      | Found a radiant altar of Vehumet.
  3827 | D:4      | Reached XP level 6. HP: 44/44 MP: 4/16
  3915 | D:4      | Noticed Pikel
  4139 | D:4      | Noticed a water moccasin
  4170 | D:4      | Identified the +2 dagger "Arbiter" {speed, +Blink Int+3}
  4244 | D:4      | Slain by Pikel

Illustrated notes

Levels and vault maps discovered:
D:1:      eino_arrival_druids_welcome, layout_rooms,
          hellmonk_ecumenical_altar_run_dry
D:2:      layout_basic, serial_forest, infiniplex_forest_lined_3,
          infiniplex_forest_clump_medium, infiniplex_forest_clump_small,
          infiniplex_forest_lined_corner, infiniplex_forest_zigzag_1,
          uniq_natasha
D:3:      layout_rooms, lemuel_coloured_pillars_altar, grunt_dithmenos_smoke,
          serial_park_tiny_pond, chequers_serial_rivers_marsh
D:4:      layout_loops_ring, minmay_temple_entry_enclosed_plants,
          chequers_mini_garden, chequers_hall_statues_corner_a, uniq_pikel

Skill      XL: |  1  2  3  4  5 |
---------------+----------------+-----
Conjurations   | 2 |  2.6
Summonings     | 2 |  2.6
Translocations | 2 |  2.6
Invocations    | 1 2 |  2.0
Fighting       | 1 |  1.8
Short Blades   | 1 |  1.8
Long Blades    | 1 |  1.8
Axes           | 1 |  1.8
Maces & Flails | 1 |  1.8
Polearms       | 1 |  1.8
Staves         | 1 |  1.8
Slings         | 1 |  1.8
Bows           | 1 |  1.8
Crossbows      | 1 |  1.8
Throwing       | 1 |  1.8
Armour         | 1 |  1.8
Shields        | 1 |  1.8
Unarmed Combat | 1 |  1.8
Evocations     | 1 |  1.8
Hexes          | 1 |  1.4
Necromancy     | 1 |  1.4
Transmutations | 1 |  1.4
Fire Magic     | 1 |  1.4
Ice Magic      | 1 |  1.4
Air Magic      | 1 |  1.4
Earth Magic    | 1 |  1.4
Poison Magic   | 1 |  1.4
Dodging        | |  4.9
Stealth        | |  4.5
Spellcasting   | |  7.4

Action                   |  1- 3 |  4- 6 || total
-------------------------+-------+-------++-------
Melee: Dagger            |     2 |     3 ||     5
       Short sword       |     8 |    33 ||    41
       Bite              |     1 |     7 ||     8
       Mace              |       |    27 ||    27
       Punch             |       |     1 ||     1
Throw: Stone             |       |     7 ||     7
 Cast: Magic Dart        |    66 |   148 ||   214
       Mephitic Cloud    |       |     6 ||     6
       Blink             |       |     1 ||     1
 Stab: Sleeping          |       |     1 ||     1
Armor: Robe              |     2 |    19 ||    21
Dodge: Dodged            |    16 |    51 ||    67

Table legend: (Time is in decaauts)
 A = Elapsed time spent in this place.
 B = Non-inter-level travel time spent in this place.
 C = Inter-level travel time spent in this place.
 D = Time resting spent in this place.
 E = Time spent auto-exploring this place.
 F = Levels seen in this place.
 G = Mean time per level.
                   A        B        C        D        E       F      G
               +--------+--------+--------+--------+--------+-----+--------+
         Total |   4266 |   4190 |     76 |    859 |   2399 |   4 | 1066.5 |
       Dungeon |   4266 |   4190 |     76 |    859 |   2399 |   4 | 1066.5 |
               +--------+--------+--------+--------+--------+-----+--------+

Top non-repeatable levels by time:
     D:3: 1600 daAuts
     D:2: 1321 daAuts
     D:1: 1002 daAuts
     D:4: 342 daAuts
